 Dungeon Crawl Stone Soup version 0.28-a0-1032-ga8db75c868 (webtiles) character file.

Game seed: 9520298596791409699

1131 Lavandula the Bolt Thrower (level 8, -5/64 HPs)
             Began as a Naga Arcane Marksman on Dec 7, 2021.
             Was a Follower of Fedhas.
             Slain by Harold (27 damage)
             ... on level 8 of the Dungeon.
             The game lasted 00:09:48 (5292 turns).

Lavandula the Bolt Thrower (Naga Arcane Marksman)   Turns: 5292, Time: 00:09:48

Health: -5/64      AC:  5    Str: 20    XL:     8   Next: 36%
Magic:  8/8        EV: 10    Int: 13    God:    Fedhas [*.....]
Gold:   252        SH:  0    Dex: 13    Spells: 8/9 levels left

rFire   . . .      SeeInvis +   a - +0 hand crossbow
rCold   . . .      Faith    .   (no shield)
rNeg    . . .      Spirit   .   d - +0 robe
rPois   +          Reflect  .   n - +0 helmet
rElec   .          Harm     .   (no cloak)
rCorr   .          Rampage  .   i - +0 pair of gloves
Will    +....                   (no barding)
Stlth   +.........              (no amulet)
HPRegen 0.20/turn               l - +6 ring of strength
MPRegen 0.11/turn               (no ring)

@: about to teleport, very slow
A: AC +2, large, see invisible, deformed body, poison resistance, slowness 2,
spit poison 1, naga tail 1, low mp 1
a: Spit Poison, Renounce Religion


You were on level 8 of the Dungeon.
You worshipped Fedhas.
Fedhas was aware of your devotion.
You visited 1 branch of the dungeon, and saw 8 of its levels.

You collected 307 gold pieces.
You spent 55 gold pieces at shops.

Inventory:

Hand Weapons
 a - a +0 hand crossbow (weapon)
 f - a +0 dagger
 p - a +2 flail of draining
 q - a +2 vorpal mace
Missiles
 c - 31 bolts (quivered ammo)
 h - 5 javelins
 o - 7 boomerangs
Armour
 d - a +0 robe (worn)
 i - a +0 pair of gloves (worn)
 n - a +0 helmet (worn)
 r - a +0 leather armour
Jewellery
 l - a +6 ring of strength (left hand)
Scrolls
 e - 2 scrolls of vulnerability {unknown}
 k - a scroll of teleportation
 t - a scroll of blinking {unknown}
 u - 3 scrolls of magic mapping {unknown}
 v - a scroll of silence {unknown}
 x - a scroll of fog {unknown}
 y - a scroll of enchant weapon {unknown}
Potions
 b - a potion of lignification
 g - 2 potions of brilliance
 m - a potion of heal wounds
 s - a potion of curing
 w - a potion of invisibility {unknown}
 z - a potion of cancellation {unknown}


   Skills:
 - Level 1.0 Fighting
 - Level 4.6 Maces & Flails
 + Level 7.8 Crossbows
 - Level 1.5 Dodging
 - Level 1.0 Spellcasting
 - Level 3.0 Hexes


You had 8 spell levels left.
You knew the following spells:

 Your Spells              Type           Power      Damage    Failure   Level
a - Slow                  Hex            32%        N/A       9%          1

Your spell library contained the following spells:

 Spells                   Type           Power      Damage    Failure   Level
 Confusing Touch          Hex            8%         N/A       24%         3
 Foxfire                  Conj/Fire      0%         2x1d4     28%         1
 Sandblast                Erth           0%         2d4       28%         1
 Passwall                 Tmut/Erth      0%         N/A       38%         2
 Inner Flame              Hex/Fire       4%         N/A       41%         3
 Portal Projectile        Hex/Tloc       8%         N/A       41%         3
 Conjure Flame            Conj/Fire      0%         6-21      63%         3
 Gell's Gravitas          Tloc           0%         N/A       63%         3
 Lesser Beckoning         Tloc           0%         N/A       63%         3
 Stone Arrow              Conj/Erth      0%         3d7       63%         3
 Teleport Other           Tloc           0%         N/A       63%         3
 Vampiric Draining        Necr           0%         2d6       63%         3
 Cause Fear               Hex            4%         N/A       63%         4
 Animate Armour           Summ/Erth      0%         N/A       95%         4
 Flame Wave               Conj/Fire      0%         2d4       95%         4
 Blade Hands              Tmut           0%         N/A       100%        5
 Iron Shot                Conj/Erth      0%         9d1       100%        6


Dungeon Overview and Level Annotations

Branches:
Dungeon (9/15)
 Temple: D:4-7         Lair: D:8-11         Orc: D:9-12

Altars:
Fedhas
Uskayaw

Shops:
D:2 ?

Portals:
Abyss: D:6

Annotations:
D:6 2 transporters, anet's ghost, amateur GnDe
D:8 Harold


Innate Abilities, Weirdness & Mutations

Your serpentine skin is tough. (AC +2)
You have supernaturally acute eyesight. (SInv)
Armour fits poorly on your strangely shaped body.
Your system is resistant to poisons. (rPois)
You cover ground very slowly.
You can spit poison.
You have a snake-like lower body.
Your magical capacity is low. (-10% MP)


Message History

Okay, then.
You shoot a bolt. The bolt hits Harold!
Harold is lightly wounded.
Aiming: Spit Poison (1% risk of failure)
Press: ? - help, Shift-Dir - straight line, f/p - Harold
Aim: Harold, wielding a +0 dire flail, wearing a +0 chain mail and quivering a throwing net (lightly wounded)
The splash of poison misses Harold.
Unknown command.
You shoot a bolt. The bolt hits Harold!
Harold is moderately wounded.
Harold fires a harpoon shot at you. The harpoon shot misses you.
You shoot a bolt.
The bolt hits Harold but does no damage.
Harold is moderately wounded.
Harold fires a harpoon shot at you. The harpoon shot hits you!!
You are yanked forward by the harpoon shot.
Found an escape hatch in the floor.
You shoot a bolt. The bolt hits Harold.
Harold is moderately wounded.
Harold asks, "Do you mind if I name my boat the 'Lavandula'?
Your head will be paying for it, after all."
Harold hits you with a +0 dire flail!
Unknown command.
You aren't carrying any items that you can evoke.
Unknown command.
Okay, then.
Okay, then.
Casting: Slow (safe; 9% risk of failure)
Confirm with . or Enter, or press ? or * to list all spells.
Aiming: Slow (safe; 9% risk of failure)
Press: ? - help, Shift-Dir - straight line, f/p - Harold
Aim: Harold, wielding a +0 dire flail, wearing a +0 chain mail and quivering a throwing net (moderately wounded, chance to affect: 14%)
Okay, then.
As you read the scroll of teleportation, it crumbles to dust.
You feel strangely unstable. Harold hits you with a +0 dire flail!
You have got your breath back.
Harold hits you with a +0 dire flail!!
You die...
Fedhas appreciates your contribution to the ecosystem.

# . #. #####
#.#######...# .
#.#.....#...#####..
###.......+..........
#....@@.(.#..........
#.(.(........>.......
+....#.....##.#......
#....#.....##+# ....#
#............ ....
#............. ...
#>............ ..
#.......[..#... .
#+#........#..


You could see Harold.

Vanquished Creatures
  A kobold demonologist (D:9)
  A steam dragon (D:9)
  A black bear (D:5)
  A necrophage (D:4)
  A centaur (D:9)
  A bullfrog (D:6)
  2 centaur zombies
  A jelly (D:5)
  2 hounds (D:5)
  A bullfrog skeleton (D:5)
  A centaur skeleton (D:5)
  An orc wizard (D:5)
  5 gnolls (D:5)
  3 adders
  A shadow imp (D:6)
  A white imp (D:5)
  An adder skeleton (D:4)
  4 dart slugs
  12 orcs
  4 ball pythons
  5 endoplasms
  4 giant cockroaches
  7 goblins
  4 hobgoblins
  3 jackals (D:2)
  3 quokkas
  4 bats
  2 frilled lizards
  9 kobolds
  2 rats
88 creatures vanquished.

Notes
Turn   | Place    | Note
-------+----------+-------------------------------------------
     0 | D:1      | Lavandula the Naga Arcane Marksman began the quest for the
                  | Orb.
     0 | D:1      | Reached XP level 1. HP: 18/18 MP: 2/2
    55 | D:1      | Reached skill level 2 in Crossbows
   217 | D:1      | Reached XP level 2. HP: 25/25 MP: 3/3
   662 | D:1      | Found a faded altar of an unknown god.
   730 | D:1      | Reached skill level 3 in Crossbows
   891 | D:1      | Reached XP level 3. HP: 31/31 MP: 4/4
  1634 | D:2      | Reached XP level 4. HP: 38/38 MP: 5/5
  1964 | D:2      | Found Qezug's Magic Scroll Boutique.
  1972 | D:2      | Bought a scroll of identify for 22 gold pieces
  1972 | D:2      | Bought a scroll of teleportation for 33 gold pieces
  2066 | D:2      | Reached skill level 4 in Crossbows
  2189 | D:3      | Found a hide-covered altar of Uskayaw.
  2323 | D:3      | Found a blossoming altar of Fedhas.
  2430 | D:3      | Became a worshipper of Fedhas Madash
  3020 | D:4      | Noticed a necrophage
  3028 | D:4      | Killed a necrophage
  3029 | D:4      | Reached skill level 5 in Crossbows
  3029 | D:4      | Reached XP level 5. HP: 24/44 MP: 6/6
  3253 | D:4      | Noticed an ogre
  3266 | D:5      | Entered Level 5 of the Dungeon
  3408 | D:5      | Reached XP level 6. HP: 51/51 MP: 7/7
  3575 | D:5      | Reached skill level 6 in Crossbows
  4011 | D:5      | Noticed a black bear
  4027 | D:5      | Reached XP level 7. HP: 40/57 MP: 8/8
  4029 | D:5      | Reached skill level 7 in Crossbows
  4278 | D:6      | Found a one-way gate to the infinite horrors of the Abyss.
  4278 | D:6      | Noticed anet's ghost (amateur GnDe)
  4292 | D:6      | Noticed a small abomination
  4305 | D:6      | Found a transporter.
  4451 | D:6      | Reached * piety under Fedhas
  4457 | D:6      | Found a transporter.
  4520 | D:6      | Reached skill level 1 in Maces & Flails
  4520 | D:6      | You fall into a shaft and drop 3 floors!
  4543 | D:9      | Noticed a yak
  4543 | D:9      | Noticed a yak
  4543 | D:9      | Noticed a yak
  4544 | D:9      | Noticed a yak
  4546 | D:9      | Noticed a yak
  4549 | D:9      | Gained mutation: Your magical capacity is low. (-10% MP)
                  | [potion of mutation]
  4720 | D:9      | Noticed a kobold demonologist
  4730 | D:9      | Killed a kobold demonologist
  4731 | D:9      | Reached XP level 8. HP: 60/64 MP: 8/8
  5024 | D:9      | Noticed a two-headed ogre
  5284 | D:8      | Noticed Harold
  5292 | D:8      | Slain by Harold

Illustrated notes

Levels and vault maps discovered:
D:1:      lightli_arrival_noodles, layout_basic, shapermc_ecumenical_altar_gd,
          minmay_misc_feat_hallway
D:2:      layout_basic, serial_shops, shop
D:3:      layout_basic, mainiacjoe_overflow_catwalk_spiral, fountainhead
D:4:      layout_layer_cave, temple_statues
D:5:      layout_basic, kennysheep_decorative_pillar
D:6:      layout_loops_ring, gammafunk_ghost_abyssal_escape,
          serial_bayou_pond_e, uniq_blork_the_orc
D:8:      wad_woods_minihive, layout_basic, serial_shops, kennysheep_little_box,
          uniq_harold, uniq_prince_ribbit1
D:9:      minmay_slanted_spiral_squares, layout_loops_ring

Skill      XL: |  1  2  3  4  5  6  7 |
---------------+----------------------+-----
Crossbows      | 2 3 5 6 7 |  7.8
Maces & Flails | 4 |  4.6
Fighting       | |  1.0
Dodging        | |  1.5
Spellcasting   | |  1.0
Hexes          | |  3.0

Action                   |  1- 3 |  4- 6 |  7- 9 || total
-------------------------+-------+-------+-------++-------
Melee: Mace              |       |     8 |     5 ||    13
 Fire: Hand crossbow     |    36 |    95 |    31 ||   162
 Abil: Spit Poison       |    17 |    23 |    11 ||    51
Evoke: Wand              |       |       |     3 ||     3
  Use: Scroll            |       |     3 |     6 ||     9
       Potion            |       |       |     2 ||     2
Armor: Robe              |       |    28 |    17 ||    45
Dodge: Dodged            |     9 |    37 |    28 ||    74

Table legend: (Time is in decaauts)
 A = Elapsed time spent in this place.
 B = Non-inter-level travel time spent in this place.
 C = Inter-level travel time spent in this place.
 D = Time resting spent in this place.
 E = Time spent auto-exploring this place.
 F = Levels seen in this place.
 G = Mean time per level.
                   A        B        C        D        E       F      G
               +--------+--------+--------+--------+--------+-----+--------+
         Total |   6704 |   6437 |    267 |    640 |   4800 |   8 |  838.0 |
       Dungeon |   6704 |   6437 |    267 |    640 |   4800 |   8 |  838.0 |
               +--------+--------+--------+--------+--------+-----+--------+

Top non-repeatable levels by time:
     D:1: 1621 daAuts
     D:2: 1194 daAuts
     D:3: 1193 daAuts
     D:5: 1182 daAuts
     D:9: 851 daAuts
     D:6: 371 daAuts
     D:4: 274 daAuts
     D:8: 14 daAuts
